 Dungeon Crawl Stone Soup version 0.30-a0-354-g6b83867211 (webtiles) character file.

Game seed: 12594874960353537927

54 blackman the Sneak (level 4, 0/35 HPs)
             Began as a Human Delver on Nov 8, 2022.
             Slain by a quokka (2 damage)
             ... on level 4 of the Dungeon.
             The game lasted 00:02:30 (197 turns).

blackman the Sneak (Human Delver)                    Turns: 197, Time: 00:02:30

Health: 0/35       AC:  3    Str: 12    XL:     4   Next: 12%
Magic:  4/4        EV: 12    Int: 11    God:
Gold:   21         SH:  0    Dex: 16    Spells: 3/3 levels left

rFire   . . .      SeeInvis .    i - +0 rapier
rCold   . . .      Faith    .    (no shield)
rNeg    . . .      Spirit   .    b - +0 leather armour
rPois   .          Reflect  .    (no helmet)
rElec   .          Harm     .    (no cloak)
rCorr   .          Rampage  .    (no gloves)
Will    .....                    (no boots)
Stlth   +++.......               (no amulet)
HPRegen 0.25/turn                (no ring)
MPRegen 0.09/turn                (no ring)

@: about to teleport
A: no striking features
a: no special abilities


You were on level 4 of the Dungeon.
You visited 1 branch of the dungeon, and saw 3 of its levels.

You collected 21 gold pieces.

Inventory:

Hand Weapons
 a - a +0 falchion
 i - a +0 rapier (weapon)
Armour
 b - a +0 leather armour (worn)
Wands
 f - a wand of flame (11)
 g - a wand of digging (2)
Scrolls
 c - a scroll of fog
 e - a scroll of fear
 k - a scroll of identify {unknown}


   Skills:
 - Level 3.0 Fighting
 * Level 4.1 Long Blades
 - Level 2.0 Dodging
 - Level 5.0 Stealth


You had 3 spell levels left.
You didn't know any spells.
Your spell library was empty.

Dungeon Overview and Level Annotations

Branches:
Dungeon (6/15)
 Temple: D:4-7

Altars:

Shops:
D:6 [

Annotations:
D:4 1 transporter, Darkkill's ghost, amateur MiHu


Message History

Press: ? - help, Shift-Dir - straight line, f/p - phantom
Aim: a phantom (lightly damaged, 56% to hit)
The puff of flame hits the phantom.
The phantom is heavily damaged.
The phantom hits you!
* * * LOW HITPOINT WARNING * * *
Aiming: Throw Flame
Press: ? - help, Shift-Dir - straight line, f/p - phantom
Aim: a phantom (moderately damaged, 56% to hit)
The puff of flame hits the phantom.
The phantom is heavily damaged.
The phantom misses you.
Found a bubbling orange potion.
The quokka bites you.
* * * LOW HITPOINT WARNING * * *
You feel yourself slow down.
Unknown command.
The quokka bites you.
* * * LOW HITPOINT WARNING * * *
As you read the scroll of magic mapping, it crumbles to dust.
You feel aware of your surroundings.
You sensed 3 altars.
The quokka bites you.
* * * LOW HITPOINT WARNING * * *
The quokka attacks as you move away! The quokka bites you.
* * * LOW HITPOINT WARNING * * *
A goblin comes into view. It is wielding a +0 dagger.
Found 19 gold pieces.
Found a transporter.
The quokka bites you but does no damage.
It was a potion of cancellation.
You feel magically purged. The quokka closely misses you.
As you read the scroll labelled MIRUAH OCEFYIN, it crumbles to dust.
It is a scroll of amnesia.
You feel forgetful for a moment. The quokka barely misses you.
As you read the scroll labelled MIKLYAK NUIBA, it crumbles to dust.
You feel strangely unstable.
It was a scroll of teleportation.
The quokka bites you.
* * * LOW HITPOINT WARNING * * *
The quokka attacks as you move away! The quokka closely misses you.
Found 15 gold pieces and a scroll of teleportation.
The quokka attacks as you move away! The quokka bites you.
You die...

*,*,,*,* *,,,,,,****,,*,,*,,***
*,**,*,* *,*#.#.## *,,,*,,,**
*,**,*,* #,,....g#**********
*,,,,,,*##.,......,,,,,*
****,***#..##.#?.#****,*
*,***,#....#..# *,** **
*,,,,*#*......#####..******* ,*
****#.#.##.##........,,,,,,* ,*
*#.....Wr@.....©.©,,,,,* ,**###
#####.##########********* ,,,..#
##.##*#....$$,,,,©*,,, ,,,#.#
#...# *..##.W,**,,**** #*,#.#
#...# *,#..*O*,,*,* ##,#.# #...#
*,*..#,*,,*,**** ##.#.#
#####...###,,*#..,**,,**,,
##.#[###.........#,,,,.©,,,,,**,,
##..........)....#************,,,


You could see an ogre (asleep), a phantom, Darkkill's ghost (dormant), a quokka
and a goblin (asleep).

Vanquished Creatures
  A hound (D:4)
  An iguana (D:6)
2 creatures vanquished.

Notes
Turn   | Place    | Note
-------+----------+-------------------------------------------
     0 | D:5      | blackman the Human Delver began the quest for the Orb.
     0 | D:5      | Reached XP level 1. HP: 18/18 MP: 1/1
     7 | D:5      | Noticed an orc wizard
    30 | D:5      | Noticed a phantom
    44 | D:5      | Noticed an orc wizard
    47 | D:6      | Noticed a black bear
    47 | D:6      | Noticed a wraith
    63 | D:6      | Noticed an iguana
    70 | D:6      | Killed an iguana
    71 | D:6      | Reached XP level 2. HP: 24/24 MP: 2/2
    71 | D:6      | Reached XP level 3. HP: 29/29 MP: 3/3
    71 | D:6      | Found Niqawk Jerosch's Armour Shoppe.
   104 | D:6      | Noticed an ice beast
   104 | D:6      | Noticed an orc warrior
   147 | D:4      | Noticed an ogre
   158 | D:4      | Reached XP level 4. HP: 14/35 MP: 4/4
   174 | D:4      | Noticed a phantom
   192 | D:4      | Found a transporter.
   196 | D:4      | Noticed Darkkill's ghost (amateur MiHu)
   196 | D:4      | Identified the +5 dire flail "Kaijuargh" {freeze, rElec}
   196 | D:4      | Noticed an ogre
   197 | D:4      | Slain by a quokka

Illustrated notes

Levels and vault maps discovered:
D:4:      layout_loops_cross, pdpol_wu_jian_five_deadly_venoms,
          marbit_many_paths, mainiacjoe_overflow_brackets, gammafunk_ghost_smash
D:5:      minmay_goblin_kobold_castle, layout_layer_cave, zin_purify,
          mainiacjoe_overflow_alcove_1, old_standard_altar,
          minmay_temple_entry_stoned_glass
D:6:      layout_rooms, mainiacjoe_overflow_paths, cheibriados_altar_1,
          serial_shops, nicolae_inconvenience_store

Skill      XL: |  1  2  3 |
---------------+----------+-----
Long Blades    | 3 4 |  4.1
Fighting       | |  3.0
Dodging        | |  2.0
Stealth        | |  5.0

Action                   |  1- 3 |  4- 6 || total
-------------------------+-------+-------++-------
Melee: Rapier            |     7 |       ||     7
Evoke: Wand              |     1 |     3 ||     4
  Use: Potion            |     1 |     1 ||     2
       Scroll            |       |     3 ||     3
 Stab: Sleeping          |     1 |       ||     1
Armor: Leather armour    |     3 |     1 ||     4
Dodge: Dodged            |    13 |     4 ||    17

Table legend: (Time is in decaauts)
 A = Elapsed time spent in this place.
 B = Non-inter-level travel time spent in this place.
 C = Inter-level travel time spent in this place.
 D = Time resting spent in this place.
 E = Time spent auto-exploring this place.
 F = Levels seen in this place.
 G = Mean time per level.
                   A        B        C        D        E       F      G
               +--------+--------+--------+--------+--------+-----+--------+
         Total |    177 |    177 |      0 |      0 |     27 |   3 |   59.0 |
       Dungeon |    177 |    177 |      0 |      0 |     27 |   3 |   59.0 |
               +--------+--------+--------+--------+--------+-----+--------+

Top non-repeatable levels by time:
     D:6: 73 daAuts
     D:5: 67 daAuts
     D:4: 37 daAuts
